 Dungeon Crawl Stone Soup version 0.28.0-47-ge53b351184 (webtiles) character file.

Game seed: 15099823490422636216

64 Exodus22XD the Magician (level 3, -1/19 HPs)
             Began as a Deep Elf Conjurer on Apr 29, 2022.
             Slain by an adder (3 damage)
             ... on level 2 of the Dungeon.
             The game lasted 00:01:47 (1644 turns).

Exodus22XD the Magician (Deep Elf Conjurer)         Turns: 1644, Time: 00:01:47

Health: -1/19      AC:  2    Str:  4    XL:     3   Next: 91%
Magic:  6/12       EV: 12    Int: 24    God:
Gold:   93         SH:  0    Dex: 13    Spells: 10/13 levels left

rFire   . . .      SeeInvis .   c - +0 dagger
rCold   . . .      Faith    .   (no shield)
rNeg    . . .      Spirit   .   a - +0 robe
rPois   .          Reflect  .   (no helmet)
rElec   .          Harm     .   (no cloak)
rCorr   .          Rampage  .   (no gloves)
Will    .....                   (no boots)
Stlth   ++........              (no amulet)
HPRegen 0.06/turn               (no ring)
MPRegen 0.13/turn               (no ring)

@: lethally poisoned (-1 -> -6)
A: no striking features
a: no special abilities


You were on level 2 of the Dungeon.
You visited 1 branch of the dungeon, and saw 2 of its levels.

You collected 93 gold pieces.

Inventory:

Hand Weapons
 c - a +0 dagger (weapon)
Armour
 a - a +0 robe (worn)
Scrolls
 d - 2 scrolls of fear {unknown}
 e - a scroll of blinking {unknown}
 f - a scroll of teleportation {unknown}
Potions
 b - a potion of invisibility {unknown}


   Skills:
 - Level 2.4 Dodging
 - Level 2.4 Stealth
 + Level 5.8 Spellcasting
 - Level 4.3 Conjurations


You had 10 spell levels left.
You knew the following spells:

 Your Spells              Type           Power      Damage    Failure   Level
a - Magic Dart            Conj           100%       1d8       1%          1
b - Searing Ray           Conj           56%        2d6       1%          2

Your spell library contained the following spells:

 Spells                   Type           Power      Damage    Failure   Level
 Sting                    Tmut/Pois      28%        1d4       9%          1
 Dazzling Flash           Conj/Hex       34%        N/A       10%         3
 Poisonous Vapours        Pois/Air       14%        N/A       12%         2
 Fulminant Prism          Conj/Hex       8%         3d7       32%         4
 Iskenderun's Mystic Bla  Conj/Tloc      17%        2d5       32%         4
 Olgreb's Toxic Radiance  Pois           7%         N/A       63%         4


Dungeon Overview and Level Annotations

Branches:
Dungeon (2/15)

Altars:


Message History

Casting: Magic Dart (safe; 1% risk of failure)
Confirm with . or Enter, or press ? or * to list all spells.
You can't see any susceptible monsters within range! (Use Z to cast anyway.) Unknown command.
Found an escape hatch in the floor.
An adder and a hobgoblin come into view.
Found 24 stones.
The adder hisses angrily.
The hobgoblin shouts!
Casting: Magic Dart (safe; 1% risk of failure)
Confirm with . or Enter, or press ? or * to list all spells.
Aiming: Magic Dart (safe; 1% risk of failure)
Press: ? - help, Shift-Dir - straight line, f - hobgoblin
Aim: a hobgoblin, wielding a +0 spear (100% to hit)
The magic dart hits the hobgoblin.
The hobgoblin is almost dead.
The hobgoblin hits you from afar with a +0 spear!
Casting: Magic Dart (safe; 1% risk of failure)
Confirm with . or Enter, or press ? or * to list all spells.
Aiming: Magic Dart (safe; 1% risk of failure)
Press: ? - help, Shift-Dir - straight line, f/p - hobgoblin
Aim: a hobgoblin, wielding a +0 spear (almost dead, 100% to hit)
The magic dart hits the hobgoblin.
You kill the hobgoblin!
Casting: Magic Dart (safe; 1% risk of failure)
Confirm with . or Enter, or press ? or * to list all spells.
Aiming: Searing Ray (safe; 1% risk of failure)
Press: ? - help, Shift-Dir - straight line, f - adder
Aim: an adder (66% to hit)
The searing ray misses the adder. (Press . to maintain the ray.)
The adder misses you.
The searing ray hits the adder!
The adder is heavily wounded.
The adder bites you.
You are poisoned.
The adder poisons you!
The searing ray misses the adder.
You feel sick. The adder bites you.
* * * LOW HITPOINT WARNING * * *
The adder bites you.
You die...

#### .... .. #... ....
.( #####.## #......
###.....#
##...#..#######...#####
#...............###
......) ####....##
..>$..S##....##..## ####
.......@..######..###..†
#......#### ##.....##
#....). ######.#....
....... #.........##
....... #.........#
....... ###...[.....#
......# .....##.#####
.....# ####....####
##......#


You could see an adder.

Vanquished Creatures
  2 adders (D:2)
  2 dart slugs
  5 ball pythons
  A bat (D:1)
  2 endoplasms (D:1)
  2 giant cockroaches
  3 hobgoblins
  6 jackals (D:2)
  2 kobolds (D:1)
  2 quokkas
  4 frilled lizards
  4 goblins
  3 rats
38 creatures vanquished.

Vanquished Creatures (others)
  A plant (D:1)
1 creature vanquished.

Grand Total: 39 creatures vanquished

Notes
Turn   | Place    | Note
-------+----------+-------------------------------------------
     0 | D:1      | Exodus22XD the Deep Elf Conjurer began the quest for the
                  | Orb.
     0 | D:1      | Reached XP level 1. HP: 10/10 MP: 6/6
   315 | D:1      | Reached skill level 4 in Spellcasting
   315 | D:1      | Reached XP level 2. HP: 15/15 MP: 1/9
   318 | D:1      | Learned a level 2 spell: Searing Ray
   580 | D:1      | You fall into a shaft and drop 1 floor!
  1250 | D:2      | Reached skill level 5 in Spellcasting
  1250 | D:2      | Reached XP level 3. HP: 18/19 MP: 5/11
  1644 | D:2      | Slain by an adder

Illustrated notes

Levels and vault maps discovered:
D:1:      minmay_arrival_stone_box, layout_basic, kennysheep_boxes
D:2:      layout_rooms, serial_bayou_pond_a

Skill      XL: |  1  2 |
---------------+-------+-----
Spellcasting   | 4 5 |  5.8
Dodging        | |  2.4
Stealth        | |  2.4
Conjurations   | |  4.3

Action                   || total
-------------------------++-------
 Cast: Magic Dart        ||    69
       Searing Ray       ||     2
Dodge: Dodged            ||     2
